 Dungeon Crawl Stone Soup version 0.31-a0-1074-g0b22e4e0f1 (webtiles) character file.

Game seed: 11049746262772694897

112 dialectric the Covert (level 4, 0/24 HPs)
             Began as a Spriggan Delver on Nov 26, 2023.
             Was a Believer of Lugonu.
             Slain by a gnoll
             ... wielding a +0 flail
              (13 damage)
             ... on level 2 of the Dungeon.
             The game lasted 00:03:52 (1721 turns).

dialectric the Covert (Spriggan Delver)             Turns: 1721, Time: 00:03:52

Health: 0/24       AC:  2    Str:  8    XL:     4   Next: 64%
Magic:  5/5        EV: 19    Int: 11    God:    Lugonu [**....]
Gold:   86         SH:  0    Dex: 18    Spells: 1/3 levels left

rFire   . . .        a - +0 short sword
rCold   + . .        (no shield)
rNeg    . . .        b - +0 robe
rPois   .            (helmet restricted)
rElec   .            (no cloak)
rCorr   .            (gloves unavailable)
SInv    +            (boots unavailable)
Will    .....        p - amulet of faith
Stlth   ++++         l - ring of protection from cold
HPRegen 0.24/turn    (no ring)
MPRegen 0.09/turn

%: faith
@: very quick
A: very small, no large weapons, unfitting armour, see invisible, speed 3
a: Renounce Religion, Depart the Abyss, Banish


You were on level 2 of the Dungeon.
You worshipped Lugonu.
Lugonu was pleased with you.
You visited 1 branch of the dungeon, and saw 5 of its levels.

You collected 119 gold pieces.
You spent 33 gold pieces at shops.

Inventory:

Hand Weapons
 a - a +0 short sword (weapon)
Missiles
 m - a throwing net
 u - 8 poisoned darts (quivered)
 A - 2 darts of dispersal
Armour
 b - a +0 robe (worn)
 v - a +0 buckler
Jewellery
 h - a ring of wizardry
 l - a ring of protection from cold (left hand)
 p - an amulet of faith (around neck)
 y - a +6 ring of intelligence
Wands
 g - a wand of digging (3)
Scrolls
 c - a scroll of fog
 d - a scroll of revelation
 e - 2 scrolls of fear
 i - a scroll of blinking {unknown}
 j - a scroll of noise {unknown}
 n - 3 scrolls of identify {unknown}
 o - a scroll of enchant armour {unknown}
 t - a scroll of teleportation {unknown}
 x - a scroll of enchant weapon {unknown}
Potions
 f - a potion of haste
 k - 2 potions of mutation {unknown}
 q - a potion of enlightenment {unknown}
 r - 5 potions of curing
 s - a potion of berserk rage {unknown}
 w - a potion of might {unknown}
 z - a potion of degeneration {unknown}


   Skills:
 + Level 3.0 Fighting
 + Level 3.2 Short Blades
 + Level 4.1 Dodging
 + Level 8.0 Stealth
 * Level 0.2 Spellcasting


You had one spell level left.
You knew the following spells:

 Your Spells              Type           Power      Damage    Failure   Level
a - Ensorcelled Hibernat  Hex/Ice        0%         N/A       47%         2

Your spell library contained the following spells:

 Spells                   Type           Power      Damage    Failure   Level
 Passwall                 Tmut/Erth      0%         N/A       47%         2
 Ozocubu's Armour         Ice            0%         N/A       71%         3
 Swiftness                Air            0%         N/A       71%         3
 Ozocubu's Refrigeration  Ice            0%         4d7       100%        7


Dungeon Overview and Level Annotations

Branches:
Dungeon (5/15)
 Temple: D:4-7

Altars:
Uskayaw
Lugonu

Shops:
D:1 !

Annotations:
D:2 Sigmund
D:3 2 transporters, sammy202020's ghost, amateur GrFi


Innate Abilities, Weirdness & Mutations

You are very small and have problems with some larger weapons.
You are too small for most types of armour.
You have supernaturally acute eyesight. (SInv)
You cover ground extremely quickly. (Speed+++)


Message History

You climb downwards.
Level annotation: 2 transporters, sammy202020's ghost, amateur GrFi
There is a stone staircase leading up here.
You hit the worm.
The worm is lightly wounded.
The worm misses you.
You hit the worm but do no damage. You hit the worm.
The worm is lightly wounded.
The worm bites you.
You barely miss the worm.
The worm is lightly wounded.
You barely miss the worm.
The worm is lightly wounded.
The worm closely misses you.
You hit the worm.
The worm is moderately wounded.
You hit the worm.
The worm is moderately wounded.
You hit the worm.
The worm is moderately wounded.
The worm bites you!
You hit the worm.
The worm is severely wounded.
You hit the worm.
The worm is almost dead.
The worm completely misses you.
You hit the worm but do no damage.
The worm is almost dead.
The gnoll hits you with a +0 flail.
There is a stone staircase leading up here.
The gnoll misses you. The gnoll barely misses you.
You climb upwards.
Level annotation: Sigmund
There is a stone staircase leading down here.
Unknown command.
Unknown command.
The gnoll attacks as it pursues you! The gnoll hits you with a +0 flail!
Ouch! That really hurt!
You die...

##.#.##.##..#### #..
#.#.##.###.# ####.#
#.#.##.# #<# #....#
#...##.# #.## #.####
#..###.# #..####.#
####..###.# ##.##...####
#.........# #..........
#.........###.....######
#......@g.....##........
#.......>.#######.#.....
#.......g.# #......>
#####.....# ........
#..#### .#...... #..#
##..^... #.## #......
### ........ ####....


You could see 2 gnolls.

Vanquished Creatures
  A hound (D:5)
  A gnoll (D:3)
  2 adders (D:3)
  2 dart slugs
  5 ball pythons
  4 endoplasms
  4 giant cockroaches
  2 goblins (D:3)
  7 hobgoblins
  2 jackals (D:2)
  4 quokkas
  5 bats
  3 frilled lizards
  A kobold (D:1)
  5 rats
48 creatures vanquished.

Notes
Turn   | Place    | Note
-------+----------+-------------------------------------------
     0 | D:5      | dialectric the Spriggan Delver began the quest for the Orb.
     0 | D:5      | Reached XP level 1. HP: 11/11 MP: 2/2
    65 | D:5      | Noticed a hound
    72 | D:5      | Killed a hound
    73 | D:5      | Reached XP level 2. HP: 16/16 MP: 3/3
    73 | D:5      | Reached XP level 3. HP: 19/19 MP: 4/4
   119 | D:5      | Noticed an ogre
   197 | D:3      | Found a transporter.
   255 | D:3      | Noticed sammy202020's ghost (amateur GrFi)
   264 | D:3      | Found a transporter.
   326 | D:3      | Found a faded altar of an unknown god.
   335 | D:3      | Prayed at the altar of an unknown god.
   335 | D:3      | Became a worshipper of Lugonu the Unformed
   335 | D:3      | Reached * piety under Lugonu
   388 | D:3      | Noticed a +0 falchion
   388 | D:3      | Noticed a +0 spear
   389 | D:3      | Noticed a +0 dagger
   389 | D:3      | Noticed a +0 spear
   390 | D:3      | Noticed a +0 dagger
   390 | D:3      | Noticed a +0 short sword
   391 | D:3      | Noticed a +0 short sword
   392 | D:3      | Noticed a +0 falchion
   406 | D:3      | Found a hide-covered altar of Uskayaw.
   445 | D:2      | Reached XP level 4. HP: 17/23 MP: 5/5
   604 | D:2      | Noticed Sigmund
   644 | D:1      | Found Uhu Xukh's Distillery.
   647 | D:1      | Bought a potion of curing for 33 gold pieces
   686 | D:1      | Reached skill level 8 in Stealth
   971 | D:1      | Reached ** piety under Lugonu
  1599 | D:3      | Learned a level 2 spell: Ensorcelled Hibernation
  1628 | D:3      | Identified the +1 leather armour of Undesirable Species
                  | {Dex+8}
  1721 | D:2      | Slain by a gnoll

Illustrated notes

Levels and vault maps discovered:
D:1:      lightli_arrival_quake, layout_basic, serial_shops, shop,
          serial_bayou_ford_a
D:2:      layout_rooms, uniq_sigmund
D:3:      layout_rooms, nicolae_uskayaw_en_pointe, gammafunk_ghost_stat_death,
          shapermc_ecumenical_altar_pompeii, kennysheep_generic_room_3
D:4:      layout_loops_ring, nicolae_gozag_zags_fifth_avenue, serial_glass,
          glass_columns_a, glass_columns_a
D:5:      layout_basic, mainiacjoe_overflow_alcove_4,
          mainiacjoe_overflow_small_starburst, minmay_temple_entry_butterflies,
          nicolae_elevator_lobby_plus

Skill      XL: |  1  2  3  4 |
---------------+-------------+-----
Dodging        | 3 4 |  4.1
Short Blades   | 3 |  3.2
Stealth        | 8 |  8.0
Fighting       | 3 |  3.0
Spellcasting   | |  0.2

Action                     |  1- 3 |  4- 6 || total
---------------------------+-------+-------++-------
  Melee: Short sword       |    31 |   129 ||   160
         Punch             |       |     2 ||     2
   Stab: Sleeping          |     7 |    13 ||    20
 Armour: Robe              |    13 |    35 ||    48
  Dodge: Dodged            |    40 |    87 ||   127

Table legend: (Time is in decaauts)
 A = Elapsed time spent in this place.
 B = Non-inter-level travel time spent in this place.
 C = Inter-level travel time spent in this place.
 D = Time resting spent in this place.
 E = Time spent auto-exploring this place.
 F = Levels seen in this place.
 G = Mean time per level.
                   A        B        C        D        E       F      G
               +--------+--------+--------+--------+--------+-----+--------+
         Total |   1186 |   1186 |      0 |     50 |    595 |   5 |  237.2 |
       Dungeon |   1186 |   1186 |      0 |     50 |    595 |   5 |  237.2 |
               +--------+--------+--------+--------+--------+-----+--------+

Top non-repeatable levels by time:
     D:1: 533 daAuts
     D:2: 319 daAuts
     D:3: 210 daAuts
     D:5: 86 daAuts
     D:4: 37 daAuts
